 Dungeon Crawl Stone Soup version 0.32-a0-814-g0968bab981 (webtiles) character file.

Game seed: 1037895247238336160

126641 gimp the Sorcerer (level 16, -1/109 HPs)
             Began as a Barachi Earth Elementalist on Mar 22, 2024.
             Was a High Priest of Vehumet.
             Killed from afar by a naga mage (4 damage)
             ... with a bolt of poison
             ... on level 2 of the Snake Pit on Mar 23, 2024.
             The game lasted 01:07:20 (31208 turns).

gimp the Sorcerer (Barachi Earth Elementalist)     Turns: 31208, Time: 01:07:20

Health: -1/109     AC: 16    Str: 11    XL:     16   Next: 99%
Magic:  31/41      EV: 17    Int: 22    God:    Vehumet [*****.]
Gold:   120        SH:  0    Dex: 16    Spells: 30/58 levels left

rFire   + + .        b - staff of fire
rCold   + . .        (no shield)
rNeg    + . .        K - +2 robe "Popsuetut" {Int+3 Archmagi}
rPois   +            m - +0 helmet
rElec   +            I - +2 cloak {rF+}
rCorr   +            N - +1 pair of gloves of the Hall of Blades {rCorr Dex+3 Slay+2}
SInv    .            U - +1 pair of boots of Snakes and Ladders {+Blink rElec rPois Int-3}
Will    ++...        s - amulet of Zehuops {rN+ Will+ RegenMP+}
Stlth   ++           M - +4 ring of protection
HPRegen 0.38/turn    H - ring of protection from cold
MPRegen 0.67/turn

%: archmagi
@: unable to hop, very slightly contaminated, slow
A: amphibious, slowness 1, strong legs 2, +LOS
a: Hop, Renounce Religion, Evoke Blink


You were on level 2 of the Snake Pit.
You worshipped Vehumet.
Vehumet was extremely pleased with you.
You visited 4 branches of the dungeon, and saw 24 of its levels.
You also visited: Ice Cave and Volcano.

You collected 2441 gold pieces.
You spent 2321 gold pieces at shops.

Inventory:

Hand Weapons
 a - the +6 shillelagh "Devastator" {shatter}
   (You found it on level 4 of the Dungeon)
Missiles
 i - 4 curare-tipped darts
Armour
 m - a +0 helmet (worn)
 I - a +2 cloak of fire resistance (worn)
 K - the +2 robe "Popsuetut" (worn) {Int+3 Archmagi}
   (You bought it in a shop on level 7 of the Dungeon)

   Int+3:     It affects your intelligence (+3).
   Archmagi:  It increases the power of your magical spells.
 N - the +1 pair of gloves of the Hall of Blades (worn) {rCorr Dex+3 Slay+2}
   (You found it on level 3 of the Lair of Beasts)

   Dex+3:     It affects your dexterity (+3).
   Slay+2:    It affects your accuracy & damage with ranged weapons and melee
   (+2).
   rCorr:     It protects you from acid and corrosion.
 Q - a +2 robe of willpower
 T - a +2 robe of fire resistance
 U - the +1 pair of boots of Snakes and Ladders (worn) {+Blink rElec rPois Int-3}
   (You bought it in a shop on level 2 of the Orcish Mines)

   Int-3:     It affects your intelligence (-3).
   rElec:     It insulates you from electricity.
   rPois:     It protects you from poison.
   +Blink:    It lets you blink.
Magical Staves
 b - a staff of fire (weapon)
 c - a staff of death
Jewellery
 p - a ring of wizardry
 s - the amulet of Zehuops (around neck) {rN+ Will+ RegenMP+}
   (You bought it in a shop on level 13 of the Dungeon)

   [amulet of magic regeneration]

   It increases your rate of magic regeneration.
   rN+:       It protects you from negative energy.
   Will+:     It increases your willpower.
   RegenMP+:  It increases your rate of magic regeneration.
 H - a ring of protection from cold (right hand)
 L - a ring of see invisible
 M - a +4 ring of protection (left hand)
Wands
 n - a wand of mindburst (11)
 t - a wand of polymorph (12)
 v - a wand of charming (21)
 A - a wand of flame (13)
 G - a wand of warping (12)
 O - a wand of digging (14)
Scrolls
 e - 2 scrolls of summoning
 f - 6 scrolls of fog
 k - 6 scrolls of blinking
 l - 4 scrolls of enchant armour
 o - 16 scrolls of teleportation
 r - a scroll of amnesia
 u - 3 scrolls of poison
 x - 7 scrolls of revelation
 z - 6 scrolls of vulnerability
 B - 3 scrolls of fear
 S - 3 scrolls of identify
Potions
 g - 9 potions of ambrosia
 h - 16 potions of curing
 j - 3 potions of cancellation
 q - 8 potions of enlightenment
 w - 5 potions of haste
 C - a potion of mutation
 D - 4 potions of heal wounds
 E - 2 potions of magic
 J - 2 potions of might
 P - 2 potions of brilliance
 V - 2 potions of resistance
Miscellaneous
 d - a lightning rod (4/4)


   Skills:
 - Level 5.0 Fighting
 + Level 11.8 Dodging
 - Level 1.7 Stealth
 * Level 21.5 Spellcasting
 - Level 10.0 Conjurations
 - Level 5.0 Translocations
 + Level 9.9 Fire Magic
 + Level 11.6 Air Magic
 - Level 5.1 Earth Magic


You had 30 spell levels left.
You knew the following spells:

 Your Spells              Type           Power      Damage    Failure   Level
a - Stone Arrow           Conj/Erth      100%       3d13      1%          3
b - Apportation           Tloc           100%       N/A       1%          1
c - Blink                 Tloc           100%       N/A       1%          2
d - Freezing Cloud        Conj/Ice/Air   35%        6-21      1%          5
e - Permafrost Eruption   Ice/Erth       25%        2x4d8     24%         6
f - Plasma Beam           Fire/Air       51%        2x1d66    1%          6
g - Irradiate             Conj/Alch      31%        3d22      1%          5

Your spell library contained the following spells:

 Spells                   Type           Power      Damage    Failure   Level
 Iskenderun's Battlesphe  Conj           80%        2d13      1%          5
 Foxfire                  Conj/Fire      100%       2x1d9     1%          1
 Magic Dart               Conj           100%       1d8       1%          1
 Sandblast                Erth           100%       2d20      1%          1
 Slow                     Hex            100%       N/A       1%          1
 Cigotuvi's Dreadful Rot  Necr/Alch/Air  100%       N/A       1%          2
 Lesser Beckoning         Tloc           100%       N/A       1%          2
 Static Discharge         Conj/Air       100%       3-8/arc   1%          2
 Gell's Gravitas          Tloc           62%        N/A       1%          3
 Passwall                 Erth           62%        N/A       1%          3
 Teleport Other           Tloc           62%        N/A       1%          3
 Airstrike                Air            42%        2d(7-23)  1%          4
 Brom's Barrelling Bould  Conj/Erth      71%        2d8       1%          4
 Ignite Poison            Fire/Alch      80%        N/A       1%          4
 Summon Lightning Spire   Summ/Air       65%        N/A       1%          4
 Lee's Rapid Deconstruct  Erth           31%        3d16*     1%          5
 Starburst                Conj/Fire      50%        6d14      1%          6
 Call Imp                 Summ           70%        N/A       2%          2
 Jinxbite                 Hex            70%        N/A       2%          2
 Sublimation of Blood     Necr           35%        N/A       2%          2
 Passage of Golubria      Tloc           62%        N/A       2%          4
 Confusing Touch          Hex            35%        N/A       5%          3
 Tukima's Dance           Hex            35%        N/A       5%          3
 Vampiric Draining        Necr           35%        2d8       5%          3
 Animate Armour           Summ/Erth      100%       N/A       6%          4
 Leda's Liquefaction      Alch/Erth      25%        N/A       6%          4
 Petrify                  Alch/Erth      51%        N/A       6%          4
 Yara's Violent Unravell  Hex/Alch       17%        3d8       13%         5
 Summon Forest            Summ/Tloc      25%        N/A       19%         5
 Dispersal                Tloc           31%        N/A       36%         6
 Alistair's Intoxication  Alch           23%        N/A       45%         5
 Metabolic Englaciation   Hex/Ice        17%        N/A       45%         5
 Summon Mana Viper        Hex/Summ       35%        N/A       45%         5
 Lehudib's Crystal Spear  Conj/Erth      35%        10d9      77%         8
 Summon Cactus Giant      Summ           17%        N/A       96%         6
 Haunt                    Necr/Summ      17%        N/A       100%        7
 Summon Hydra             Summ           17%        N/A       100%        7
 Borgnjor's Revivificati  Necr           17%        N/A       100%        8
 Death's Door             Necr           17%        N/A       100%        9


Dungeon Overview and Level Annotations

Branches:
Dungeon (15/15)            Temple (0/1) D:5            Lair (5/5) D:9
 Shoals (0/4) Lair:3        Snake (2/4) Lair:2        Slime (0/5) Lair:4
    Orc (2/2) D:11            Elf (0/3) Orc:2        Vaults (0/5) D:13
 Depths (0/4) D:15          IceCv (visited)         Volcano (visited)

Altars:
Ashenzari
Hepliaklqana
Kikubaaqudgha
Qazlal
Vehumet
Wu Jian
Xom
Yredelemnul
Jiyva
Lugonu

Shops:
D:2 !   D:7 [*=*?   D:11 *(   D:13 =   D:14 (   Orc:2 [(*:(   Snake:1 [

Portals:
Abyss: Lair:1 Lair:5

Annotations:
D:8 4 exclusions
Lair:1 2 transporters, zenocrate's ghost, journeyman OpEE


Innate Abilities, Weirdness & Mutations

You are amphibious.
You cover ground slowly.
You can hop long distances.
You have an extended range of vision and can be seen from far away.


Message History

The shock serpent completely resists.
The fiery plasma misses the shock serpent.
You hear an angry hiss. x2; You hear a shout! x2; You hear an angry hiss. x3
You hear a shout! x4
The mana viper bites you but does no damage.
A naga sharpshooter comes into view. It is wielding a +0 long sword.
You now have 29/41 mp.
The mana viper barely misses you.
The shock serpent bites you but does no damage.
You climb upwards.
There is a stone staircase leading down here.
You regained 2 mp, and now have 31/41 mp.
Casting: Plasma Beam (dangerous; 1% risk of failure)
Confirm with . or Enter, or press ? or * to list all spells.
You feel a surge of power!
You erupt in a fountain of uncontrolled magic!
The mana viper is blasted with magical radiation!!!
The mana viper is almost dead.
The shock serpent is blasted with magical radiation!!!
The shock serpent is almost dead.
You are very lightly contaminated with residual magic.
The shock serpent's electric aura discharges violently, shocking you!
You resist. The mana viper misses you.
The shock serpent bites you but does no damage.
The mana viper misses you.
The shock serpent shoots out a bolt of lightning at you!
The bolt of electricity misses you.
Health restored: 109 You now have 26/41 mp.
Casting: Irradiate (dangerous; 1% risk of failure)
Confirm with . or Enter, or press ? or * to list all spells.
You feel a surge of power!
You erupt in a fountain of uncontrolled magic!
The mana viper is blasted with magical radiation!!!
You kill the mana viper!
Vehumet accepts your kill.
You feel your power returning.
The shock serpent is blasted with magical radiation!!!
You kill the shock serpent!
Vehumet accepts your kill.
You feel your power returning.
You are lightly contaminated with residual magic.
The air sparks with electricity, shocking you!
You resist.
You regained 2 mp, and now have 28/41 mp.
You start resting.
Magic restored.
MP restored: 41 You climb downwards.
The naga sharpshooter unwields a +0 long sword.
The naga sharpshooter wields a +0 arbalest.
The naga sharpshooter gestures wildly while chanting.
The naga sharpshooter shoots a bolt.
The bolt hits you!
There is a stone staircase leading up, spattered with blood here.
You take 17 damage, and have 92/109 hp.
Casting: Plasma Beam (dangerous; 1% risk of failure)
Press: ? - help, Q - select action, (/) - cycle Dir - look around, f - activate You feel a strong surge of power!
The bolt of lightning hits the naga sharpshooter!!!
The naga sharpshooter is severely wounded.
The fiery plasma misses the naga sharpshooter.
The naga mage gestures at the black mamba while chanting.
The black mamba's venom grows more potent.
The naga sharpshooter shoots a bolt.
The bolt hits you!!
You take 23 damage, and have 69/109 hp.
MASSIVE DAMAGE!!
You now have 35/41 mp.
Casting: Plasma Beam (dangerous; 1% risk of failure)
Press: ? - help, Q - select action, (/) - cycle Dir - look around, f - activate You feel a strong surge of power!
The bolt of lightning hits the naga sharpshooter!
The naga sharpshooter is almost dead.
The fiery plasma hits the naga sharpshooter!
The naga sharpshooter is almost dead.
You hear an angry hiss. x2; You hear a shout! x2
The naga mage misses you. The naga mage grabs you.
The naga mage constricts you.
A naga sharpshooter comes into view. It is wielding a +0 hand axe.
An anaconda comes into view.
The naga sharpshooter mumbles some strange words.
The naga sharpshooter magically shoots a bolt.
The bolt hits you!!
You take 24 damage, and have 45/109 hp.
MASSIVE DAMAGE!!
You now have 30/41 mp.
The naga mage's grasp on you weakens, but your attempt to escape fails.
The naga mage hits you with a +1 flail of protection!
* * * LOW HITPOINT WARNING * * *
The naga mage constricts you.
* * * LOW HITPOINT WARNING * * *
The naga sharpshooter shoots a bolt.
The bolt hits you!
* * * LOW HITPOINT WARNING * * *
The naga sharpshooter unwields a +0 hand axe.
The naga sharpshooter wields a +0 shortbow.
The naga sharpshooter shoots an arrow.
The arrow hits you!
* * * LOW HITPOINT WARNING * * *
You take 43 damage, and have 2/109 hp.
MASSIVE DAMAGE!!
Hop to where?
Press: ? - help, Dir - move target You hop free of the naga mage.
Boing!
The naga mage points at you and mumbles some strange words.
The bolt of poison hits you. You resist.
You die...

.).......# ... ##S.
..$.<....# .... ....
.......#.## ### ....## ..#
..........#...# ..........
.......N☼.....# ....S.....
###.....S.....#
.......#.### ###..?..=...#
.......S...#####.........#
#.......S....@.......=#
#<...####.###....##
#.SS...# ... ...##
###/..$....... ##.#
..?.........# .#
##......##### ##....#
.>..... #.......


You could see an anaconda (wandering), a black mamba (curare) and a naga mage.

Vanquished Creatures
  Gastronok (D:9)
  Kirke (Snake:1)
  A stone giant (Volcano)
  3 orc warlords
  A deep elf annihilator (D:15)
  A fire dragon (D:15)
  An ogre mage (D:15)
  6 hydras
  Erolcha (D:11)
  A vault guard (D:13)
  4 anacondas
  3 catoblepae
  11 two-headed ogres
  4 centaur warriors
  2 tengu warriors
  3 boulder beetles
  A deep troll earth mage (D:15)
  A death yak (Lair:5)
  Urug (D:11)
  3 naga warriors (Snake:1)
  2 thrashing horrors (Lair:5)
  A shock serpent (Snake:1)
  Sonja (Lair:5)
  2 orc high priests
  A skyshark (Lair:5)
  7 mana vipers (Snake:1)
  4 naga ritualists (Snake:1)
  3 orc knights (Orc:2)
  2 large abominations (Lair:5)
  3 lindwurms (Lair:3)
  5 deep elf pyromancers
  2 obsidian bats
  3 manticores
  7 orc sorcerers
  15 ugly things
  2 salamanders
  8 cyclopes
  3 guardian serpents
  A kobold blastminer (Orc:2)
  14 elephants
  11 black mambas
  A centaur zombie (D:11)
  2 ice statues (IceCv)
  3 smoke demons (Lair:5)
  A naga mage (Snake:1)
  3 torpor snails
  Maggie (D:7)
  2 gargoyles
  14 cane toads
  3 rime drakes
  2 unseen horrors (D:12)
  A komodo dragon (shapeshifter) (Lair:5)
  Jeremiah (D:6)
  A kobold demonologist (D:13)
  7 komodo dragons
  2 efreet
  2 freezing wraiths
  7 trolls
  2 hornets
  2 polar bears
  2 queen bees (shapeshifter) (Lair:5)
  Grinder (D:5)
  2 raiju (Lair:5)
  Prince Ribbit (D:6)
  18 blink frogs
  8 dream sheep
  A jumping spider (shapeshifter) (Lair:5)
  Sigmund (D:5)
  3 shadows
  11 small abominations (Lair:5)
  11 slime creatures
  8 wyverns
  3 wraiths
  A fire elemental (Volcano)
  43 yaks
  A spriggan (Lair:5)
  2 vampires
  10 basilisks
  7 hogs (Snake:1)
  12 vampire mosquitoes
  A hog (shapeshifter) (D:14)
  8 fire bats
  5 wargs
  2 steam dragons
  Menkaure (D:5)
  A harpy simulacrum (IceCv)
  12 nagas
  Edmund (D:5)
  3 acid dragons
  16 water moccasins
  5 black bears
  31 orc warriors
  4 ice beasts
  4 sky beasts
  2 laughing skulls (D:14)
  12 ogres
  A crocodile (shapeshifter) (Lair:5)
  15 wolves
  15 centaurs
  A phantom (D:6)
  3 earth elementals (Volcano)
  20 bullfrogs
  2 gnoll sergeants (D:6)
  7 scorpions
  5 wights
  3 jellies
  3 killer bees (D:8)
  An elephant simulacrum (IceCv)
  10 howler monkeys
  An electric eel (D:14)
  7 hounds
  5 lava snakes (Volcano)
  9 orc priests
  Crazy Yiuf (D:7)
  3 gnoll boudas
  5 iguanas
  25 orc wizards
  7 hell rats (D:5)
  A polar bear simulacrum (IceCv)
  3 wolf simulacra (IceCv)
  A boggart simulacrum (D:15)
  22 gnolls
  7 adders
  16 river rats (D:5)
  A shadow imp (D:6)
  2 white imps
  4 ufetubi
  3 ribbon worms
  A dart slug (D:2)
  67 orcs
  4 bats
  4 endoplasms
  5 giant cockroaches
  6 goblins
  2 hobgoblins
  11 jackals
  4 quokkas
  3 ball pythons
  4 frilled lizards
  5 kobolds
  6 rats
789 creatures vanquished.

Vanquished Creatures (collateral kills)
  2 ugly things
  3 yaks (D:7)
  A wyvern (D:8)
  A boggart zombie (D:11)
7 creatures vanquished.

Grand Total: 796 creatures vanquished

Notes
Turn   | Place    | Note
-------+----------+-------------------------------------------
     0 | D:1      | gimp the Barachi Earth Elementalist began the quest for the
                  | Orb.
     0 | D:1      | Reached XP level 1. HP: 13/13 MP: 3/3
   128 | D:1      | Reached XP level 2. HP: 19/19 MP: 3/5
   831 | D:2      | Found an ornate altar of the Wu Jian Council.
   838 | D:2      | Reached XP level 3. HP: 24/24 MP: 3/6
   842 | D:2      | Learned a level 3 spell: Stone Arrow
  1073 | D:2      | Found a transporter.
  1104 | D:2      | Found Arheraps's Distillery.
  1106 | D:2      | Found a transporter.
  1114 | D:2      | Bought 2 potions of degeneration for 26 gold pieces
  1663 | D:3      | You fall into a shaft and drop 1 floor!
  1799 | D:4      | Noticed a black bear
  1806 | D:3      | Reached XP level 4. HP: 30/30 MP: 5/8
  2057 | D:3      | Reached skill level 3 in Spellcasting
  2107 | D:3      | Found a stormy altar of Qazlal.
  2156 | D:3      | Found a radiant altar of Vehumet.
  2163 | D:3      | Became a worshipper of Vehumet
  2210 | D:3      | Identified the +0 ring mail "Feol" {Str+4}
  2597 | D:3      | Found a faded altar of an unknown god.
  2665 | D:3      | Killed a black bear
  2666 | D:3      | Reached XP level 5. HP: 16/35 MP: 5/10
  2782 | D:4      | Identified the +7 chain mail "Teeraydgh" {Str+2}
  3033 | D:4      | Reached XP level 6. HP: 31/41 MP: 5/11
  3348 | D:4      | Found the +6 shillelagh "Devastator" {shatter}
  3360 | D:4      | Reached skill level 4 in Spellcasting
  3360 | D:4      | Reached skill level 5 in Conjurations
  3665 | D:4      | Reached XP level 7. HP: 46/46 MP: 6/13
  4296 | D:5      | Entered Level 5 of the Dungeon
  4420 | D:5      | Noticed Grinder
  4434 | D:5      | Paralysed by Grinder for 3 turns
  4438 | D:5      | Killed Grinder
  4439 | D:5      | Reached skill level 6 in Spellcasting
  4439 | D:5      | Reached XP level 8. HP: 30/52 MP: 0/17
  4566 | D:5      | Found a staircase to the Ecumenical Temple.
  4772 | D:5      | Noticed Sigmund
  4776 | D:5      | Killed Sigmund
  4889 | D:5      | Reached skill level 7 in Spellcasting
  4988 | D:5      | Noticed Edmund
  4994 | D:5      | Killed Edmund
  5098 | D:5      | Noticed Menkaure
  5102 | D:5      | Killed Menkaure
  5103 | D:5      | Reached skill level 8 in Spellcasting
  5473 | D:5      | Identified the +5 scale mail of Baldness {rElec rN++ Int-5}
  5678 | D:5      | Reached * piety under Vehumet
  5678 | D:5      | Offered knowledge of Sting by Vehumet.
  5726 | D:5      | Reached skill level 9 in Spellcasting
  5726 | D:5      | Reached XP level 9. HP: 57/57 MP: 6/22
  6175 | D:5      | Found the +2 ratskin cloak {*Rats rPois rN+ Str-1 Int-1
                  | Dex+1}
  6350 | D:6      | Noticed Jeremiah
  6551 | D:6      | Reached skill level 10 in Spellcasting
  6679 | D:6      | Offered knowledge of Static Discharge by Vehumet.
  6688 | D:6      | Reached ** piety under Vehumet
  6904 | D:6      | Noticed Prince Ribbit
  6905 | D:6      | Killed Prince Ribbit
  6906 | D:6      | Reached skill level 11 in Spellcasting
  6963 | D:6      | Reached skill level 1 in Fighting
  7300 | D:6      | Killed Jeremiah
  7301 | D:6      | Reached XP level 10. HP: 47/70 MP: 9/25
  7892 | D:6      | Found a broken altar of Ashenzari.
  8008 | D:6      | Offered knowledge of Mercury Vapours by Vehumet.
  8013 | D:6      | Reached skill level 12 in Spellcasting
  8021 | D:6      | Reached skill level 5 in Fighting
  8497 | D:7      | Found Xadiro's Jewellery Shop.
  8649 | D:7      | Found Feot's Assorted Antiques.
  8654 | D:7      | Reached *** piety under Vehumet
  8723 | D:7      | Bought a ruby potion for 20 gold pieces
  8723 | D:7      | Bought a scroll labelled XALAOCV TOMUCK for 23 gold pieces
  8723 | D:7      | Bought a scroll labelled GOATWAL POMUA for 23 gold pieces
  8763 | D:7      | Found an ornate altar of the Wu Jian Council.
  8817 | D:7      | Noticed Maggie
  8818 | D:7      | Reached skill level 13 in Spellcasting
  8842 | D:7      | Killed Maggie
  9007 | D:7      | Found Mathoso's General Store.
  9028 | D:7      | Bought a scroll of fog for 56 gold pieces
  9028 | D:7      | Bought a scroll of blinking for 105 gold pieces
  9047 | D:7      | Found Boew's Magic Scroll Boutique.
  9057 | D:7      | Bought a scroll of revelation for 120 gold pieces
  9236 | D:7      | Found Voloman's Antique Armour Emporium.
  9335 | D:7      | Found a runed translucent door.
  9336 | D:7      | Noticed Crazy Yiuf
  9532 | D:7      | Found a hazy altar of Hepliaklqana.
  9674 | D:7      | Killed Crazy Yiuf
  9734 | D:8      | Offered knowledge of Airstrike by Vehumet.
  9777 | D:8      | Reached skill level 14 in Spellcasting
 10194 | D:8      | Reached XP level 11. HP: 79/79 MP: 24/29
 10315 | D:8      | Reached **** piety under Vehumet
 10811 | D:8      | Noticed a lindwurm
 10812 | D:8      | Noticed a lindwurm
 10836 | D:8      | Noticed a lindwurm
 10837 | D:8      | Noticed a lindwurm
 11036 | D:9      | Noticed Gastronok
 11350 | D:9      | Offered knowledge of Inner Flame by Vehumet.
 11362 | D:9      | Found an ancient bone altar of Kikubaaqudgha.
 11455 | D:9      | Reached skill level 15 in Spellcasting
 11972 | D:9      | Found a staircase to the Lair.
 12008 | D:9      | Killed Gastronok
 12476 | D:7      | Bought a fine robe for 119 gold pieces
 12476 | D:7      | Identified the +2 robe "Popsuetut" {Int+3 Archmagi} (You
                  | bought it in a shop on level 7 of the Dungeon)
 12546 | D:10     | Entered Level 10 of the Dungeon
 12577 | D:10     | Reached skill level 16 in Spellcasting
 13240 | Lair:1   | Entered Level 1 of the Lair of Beasts
 13243 | Lair:1   | Noticed a hell hog
 13244 | Lair:1   | Noticed zenocrate's ghost (journeyman OpEE)
 13288 | Lair:1   | Identified the ring "Xiakeph" {rPois Will- rCorr MP+9
                  | Dex+5}
 13302 | Lair:1   | Found a transporter.
 13326 | Lair:1   | Noticed a cyan ugly thing
 13359 | Lair:1   | Learned a level 2 spell: Blink
 13365 | Lair:1   | Learned a level 5 spell: Freezing Cloud
 13377 | Lair:1   | Reached skill level 1 in Air Magic
 13382 | Lair:1   | Reached XP level 12. HP: 74/86 MP: 13/32
 13385 | Lair:1   | Reached ***** piety under Vehumet
 13547 | Lair:1   | Offered knowledge of Permafrost Eruption by Vehumet.
 13557 | Lair:1   | Learned a level 6 spell: Permafrost Eruption
 13790 | Lair:1   | Found a transporter.
 13896 | Lair:1   | Reached skill level 17 in Spellcasting
 14134 | Lair:1   | Found a one-way gate to the infinite horrors of the Abyss.
 15139 | Lair:2   | Reached skill level 5 in Dodging
 15559 | Lair:2   | Gained mutation: You can hop long distances. [Barachi
                  | growth]
 15559 | Lair:2   | Reached XP level 13. HP: 91/91 MP: 27/34
 15642 | Lair:2   | Found a staircase to the Snake Pit.
 15647 | Lair:2   | Reached skill level 10 in Conjurations
 16179 | Lair:3   | Reached skill level 1 in Translocations
 16383 | Lair:3   | Reached skill level 5 in Air Magic
 16460 | Lair:3   | Found a dark tunnel.
 16599 | Volcano  | Entered a volcano
 16941 | Volcano  | Noticed a stone giant
 17037 | Volcano  | Found a radiant altar of Vehumet.
 17145 | Volcano  | Killed a stone giant
 17173 | Volcano  | Found a radiant altar of Vehumet.
 17271 | Lair:3   | Found a staircase to the Shoals.
 17753 | Lair:3   | Identified the +1 pair of gloves of the Hall of Blades
                  | {rCorr Dex+3 Slay+2}
 17784 | Lair:3   | Reached skill level 18 in Spellcasting
 17787 | Lair:3   | Reached skill level 5 in Earth Magic
 18201 | Lair:3   | Offered knowledge of Plasma Beam by Vehumet.
 18214 | Lair:3   | Learned a level 6 spell: Plasma Beam
 18577 | Lair:3   | Reached skill level 5 in Translocations
 18577 | Lair:3   | Reached skill level 1 in Fire Magic
 19118 | Lair:3   | Reached XP level 14. HP: 98/98 MP: 16/36
 19523 | Lair:4   | Found a viscous altar of Jiyva.
 19524 | Lair:4   | Found a staircase to the Slime Pits.
 20477 | Lair:5   | Entered Level 5 of the Lair of Beasts
 20584 | Lair:5   | Noticed Sonja
 20586 | Lair:5   | Killed Sonja
 21336 | Lair:5   | Reached skill level 19 in Spellcasting
 21679 | Lair:5   | Reached skill level 5 in Fire Magic
 22059 | Lair:5   | Found a corrupted altar of Lugonu.
 22497 | D:11     | Found Loep's Assorted Antiques.
 22502 | D:11     | Bought an inky potion for 21 gold pieces
 22502 | D:11     | Bought a scroll of identify for 48 gold pieces
 22502 | D:11     | Bought a scroll labelled JUNEET WAC for 24 gold pieces
 22502 | D:11     | Bought a pair of embroidered boots for 180 gold pieces
 22552 | D:11     | Reached ****** piety under Vehumet
 22552 | D:11     | Offered knowledge of Conjure Ball Lightning by Vehumet.
 22560 | D:11     | Noticed Urug
 22566 | D:11     | Killed Urug
 22703 | D:11     | Found Ocwuar's Weapon Shop.
 22913 | D:11     | Found a basalt altar of Yredelemnul.
 23020 | D:11     | Noticed Erolcha
 23026 | D:11     | Killed Erolcha
 23217 | D:11     | Found a staircase to the Orcish Mines.
 23269 | D:12     | Reached XP level 15. HP: 98/103 MP: 29/38
 25056 | D:13     | Reached skill level 20 in Spellcasting
 25284 | D:13     | Found a gate to the Vaults.
 25449 | D:13     | Found Xiuvun's Jewellery Shop.
 25499 | D:13     | Identified the +6 chain mail "Nilegoc" {rF+ rN+ Dex+3}
 25678 | D:14     | Found Iwelacsash's Antique Weapon Emporium.
 25761 | D:14     | Learned a level 1 spell: Apportation
 25948 | D:14     | Reached skill level 10 in Dodging
 26224 | D:14     | Found a shimmering altar of Xom.
 26224 | D:14     | Found a shimmering altar of Xom.
 26476 | Orc:1    | Entered Level 1 of the Orcish Mines
 26477 | Orc:1    | Offered knowledge of Irradiate by Vehumet.
 26494 | D:11     | Learned a level 5 spell: Irradiate
 26686 | Orc:2    | Entered Level 2 of the Orcish Mines
 26686 | Orc:2    | Found a staircase to the Elven Halls.
 26686 | Orc:2    | Found Vehisk's Antique Weapon Boutique.
 26696 | Orc:2    | Noticed an orc warlord
 26703 | Orc:2    | Reached skill level 10 in Air Magic
 26704 | Orc:2    | Noticed an orc warlord
 26706 | Orc:2    | Killed an orc warlord
 27123 | Orc:2    | Killed an orc warlord
 27169 | Orc:2    | Reached XP level 16. HP: 63/109 MP: 33/40
 27188 | Orc:2    | Found a frozen archway.
 27199 | IceCv    | Entered an ice cave
 27206 | IceCv    | Found a transporter.
 27212 | IceCv    | Found a transporter.
 27490 | IceCv    | Identified the +5 scale mail "Huruyset" {+Blink Int+5
                  | Slay+5}
 27513 | Orc:2    | Found Memm's Antique Armour Emporium.
 27545 | Orc:2    | Found Hebrol's General Store.
 27797 | Orc:2    | Offered knowledge of Orb of Destruction by Vehumet.
 27894 | Orc:2    | Found Cesuc's Book Shoppe.
 28036 | Orc:2    | Found Vaigav Cuthi's Antique Weapon Boutique.
 28294 | Orc:2    | Bought the +1 pair of boots of Snakes and Ladders {+Blink
                  | rElec rPois Int-3} for 454 gold pieces
 28294 | Orc:2    | Bought a potion of heal wounds for 80 gold pieces
 28294 | Orc:2    | Bought 2 potions of resistance for 320 gold pieces
 28467 | D:15     | Entered Level 15 of the Dungeon
 28700 | D:15     | Reached skill level 21 in Spellcasting
 28768 | D:15     | Found a staircase to the Depths.
 29429 | D:13     | Bought the amulet of Zehuops {rN+ Will+ RegenMP+} for 702
                  | gold pieces
 29661 | Snake:1  | Entered Level 1 of the Snake Pit
 29694 | Snake:1  | Found Robadwug's Antique Armour Boutique.
 30281 | Snake:1  | Identified the +0 leather armour of the Verdant God {Int+6
                  | Slay+3}
 30429 | Snake:1  | Noticed Kirke
 30450 | Snake:1  | Killed Kirke
 30584 | Snake:1  | Offered knowledge of Iskenderun's Battlesphere by Vehumet.
 31207 | Snake:2  | HP: 2/109 [naga sharpshooter/arrow (15)]
 31208 | Snake:2  | Killed from afar by a naga mage

Illustrated notes

Levels and vault maps discovered:
D:1:      nzn_arrival_water_spiral, layout_loops_ring, st_stairs_9
D:2:      layout_loops_cross, basic_altar, serial_shops, nicolae_shop_drivethru
D:3:      layout_loops_ring, mainiacjoe_overflow_two_lobes,
          shapermc_ecumenical_altar_pompeii
D:4:      layout_layer_cave, dilly_guarded_unrand_devastator
D:5:      layout_loops_corners, minmay_temple_entry_fiery,
          wander_guarded_unrand_ratskin, uniq_sigmund, uniq_grinder,
          uniq_edmund, uniq_menkaure
D:6:      minmay_opposing_rooms, layout_cave_pools,
          ashenzari_conservatory_becter, serial_gnoll_camp,
          gnoll_camp_huts_basic, gnoll_camp_mini_loothouse,
          gnoll_camp_mini_basic, gnoll_camp_mini_basic, uniq_prince_ribbit1,
          uniq_jeremiah
D:7:      layout_basic, mainiacjoe_overflow_small_starburst,
          mainiacjoe_overflow_alcove_1, serial_shops, shop,
          nicolae_shop_waterfront, shop, shop, shop,
          serial_library_hellmonk_open_cross, uniq_maggie,
          uniq_crazy_yiuf_cottage
D:8:      layout_basic, minmay_lindwurm_lava
D:9:      layout_rooms, lemuel_doored_altar, due_lair_maze_entry_diamond,
          uniq_gastronok
D:10:     layout_big_octagon
D:11:     layout_loops_cross, david_orc_4, serial_shops,
          nicolae_shop_pleasant_corner_grove, shop_fountains,
          lemuel_zombie_altar_yredelemnul, uniq_urug, uniq_erolcha
D:12:     layout_cave_pools, minmay_fractal_squares_diagonal_5
D:13:     layout_loops_corners, david_vaults_5, serial_shops,
          nicolae_shop_peninsula, kennysheep_path_1
D:14:     layout_basic, serial_shops, nicolae_shop_just_a_little_nook,
          xom_redecorated, serial_library_regret_index_small_wings,
          minmay_crystal_water, minmay_circle_x
D:15:     hellmonk_depths_entry_around_the_bend, layout_rooms, serial_rivers,
          chequers_serial_rivers_marsh, chequers_serial_rivers_marsh,
          chequers_serial_rivers_micro_c, chequers_serial_rivers_large_b
Lair:1:   layout_cave_pods, gammafunk_ghost_abyssal_escape
Lair:2:   layout_cave_pods, alex1729_snake_entry_snake, grunt_megastairs_4
Lair:3:   nzn_winding_woodlands_three_and_one
          [nzn_winding_woodlands_5x15_sawtooth,
          nzn_winding_woodlands_5x15_pockets,
          nzn_winding_woodlands_5x15_longhouse,
          nzn_winding_woodlands_center_pierced_h], layout_chaotic_city,
          shoals_dummy_entry, nicolae_volcano_entry_batcave,
          nicolae_lair_lindhole, serial_bayou_shore_b
Lair:4:   layout_regular_city, slime_entry_1
Lair:5:   hellmonk_lair_end_abyssal_woods, layout_loops_ring,
          chequers_serial_rivers_room_a, infiniplex_staircase_pool_2, uniq_sonja
Snake:1:  layout_basic, serial_shops, shop, nicolae_snake_linked_coils,
          serial_library_hellmonk_layered_room, nrook_guardian_serpent_ordinary,
          uniq_kirke
Snake:2:  layout_misc_corridors, uniq_louise
Orc:1:    layout_caves
Orc:2:    grunt_orc_gardens, layout_caves, grunt_orc_garden, grunt_orc_garden,
          grunt_orc_garden, grunt_orc_garden, serial_shops, shop,
          portal_ice_cave_entry_pillars_2

Skill      XL: |  1  2  3  4  5  6  7  8  9 10 11 12 13 14 15 16 |
---------------+-------------------------------------------------+-----
Conjurations   | 2 4 5 7 9 10 | 10.0
Spellcasting   | 3 4 6 9 11 14 16 17 18 19 20 21 | 21.5
Earth Magic    | 4 5 |  5.1
Fighting       | 3 5 |  5.0
Air Magic      | 1 4 6 8 10 11 | 11.6
Dodging        | 3 5 7 9 10 11 | 11.8
Translocations | 5 |  5.0
Fire Magic     | 2 5 8 9 |  9.9
Stealth        | |  1.7

Action                     |  1- 3 |  4- 6 |  7- 9 | 10-12 | 13-15 | 16-18 || total
---------------------------+-------+-------+-------+-------+-------+-------++-------
  Melee: Unarmed           |    23 |       |       |       |       |       ||    23
         Short sword       |    11 |    11 |     4 |       |       |       ||    26
         Shillelagh        |       |       |    14 |    34 |    19 |     1 ||    68
  Throw: Dart              |       |       |       |       |     1 |       ||     1
   Cast: Sandblast         |    58 |    46 |       |     1 |     1 |       ||   106
         Stone Arrow       |       |    15 |   135 |   328 |   502 |    18 ||   998
         Freezing Cloud    |       |       |       |    12 |    43 |     1 ||    56
         Plasma Beam       |       |       |       |       |    71 |   147 ||   218
         Irradiate         |       |       |       |       |     7 |    10 ||    17
Ability: Hop               |       |     3 |       |     5 |     4 |     4 ||    16
  Evoke: Wand              |       |       |       |     1 |     1 |       ||     2
    Use: Potion            |       |     1 |     1 |     2 |     3 |       ||     7
         Scroll            |       |       |       |    14 |    12 |       ||    26
   Stab: Distracted        |       |       |       |       |     1 |       ||     1
 Armour: Robe              |    34 |    32 |    23 |    75 |   213 |    53 ||   430
         Acid dragon scale |       |       |       |    71 |       |       ||    71
  Dodge: Dodged            |    40 |    29 |    23 |   125 |   202 |    53 ||   472

Table legend: (Time is in decaauts)
 A = Elapsed time spent in this place.
 B = Non-inter-level travel time spent in this place.
 C = Inter-level travel time spent in this place.
 D = Time resting spent in this place.
 E = Time spent auto-exploring this place.
 F = Levels seen in this place.
 G = Mean time per level.
                   A        B        C        D        E       F      G
               +--------+--------+--------+--------+--------+-----+--------+
         Total |  34697 |  32114 |   2583 |   1078 |  25903 |  26 | 1334.5 |
       Dungeon |  21148 |  19177 |   1971 |    212 |  16253 |  15 | 1409.9 |
          Lair |   9428 |   9015 |    413 |    344 |   7390 |   5 | 1885.6 |
     Snake Pit |   1390 |   1303 |     87 |     19 |   1101 |   2 |  695.0 |
  Orcish Mines |   1731 |   1619 |    112 |     51 |    935 |   2 |  865.5 |
      Ice Cave |    307 |    307 |      0 |    137 |    113 |   1 |  307.0 |
       Volcano |    690 |    690 |      0 |    315 |    109 |   1 |  690.0 |
               +--------+--------+--------+--------+--------+-----+--------+

Top non-repeatable levels by time:
  Lair:3: 2656 daAuts
     D:5: 2625 daAuts
     D:8: 2022 daAuts
  Lair:5: 1910 daAuts
     D:4: 1873 daAuts
    D:13: 1855 daAuts
  Lair:2: 1852 daAuts
     D:6: 1784 daAuts
     D:7: 1666 daAuts
    D:11: 1651 daAuts
  Lair:1: 1636 daAuts
 Snake:1: 1377 daAuts
  Lair:4: 1372 daAuts
     D:3: 1167 daAuts
    D:10: 1013 daAuts
